 Dungeon Crawl Stone Soup version 0.18.1-48-g4cf74bf (webtiles) character file.

119 hairmachine the Conjurer (level 4, -4/27 HPs)
             Began as a High Elf Wizard on July 16, 2016.
             Slain by a worker ant (6 damage)
             ... on level 3 of the Dungeon.
             The game lasted 00:08:27 (3243 turns).

hairmachine the Conjurer (High Elf Wizard)          Turns: 3243, Time: 00:08:28

Health: -4/27      AC:  2    Str:  7    XL:     4   Next: 74%
Magic:  1/10       EV: 12    Int: 21    God:
Gold:   174        SH:  0    Dex: 14    Spells: 4 memorised, 1 level left

rFire  . . .     SeeInvis .     h - +0 short sword
rCold  . . .     Gourm    .     a - +0 robe
rNeg   . . .     Faith    .     (no shield)
rPois  .         Spirit   .     b - +0 hat
rElec  .         Dismiss  .     (no cloak)
rCorr  .         Reflect  .     (no gloves)
SustAt .         Harm     .     (no boots)
MR     .....                    (no amulet)
Stlth  ++........               (no ring)
                                (no ring)

@: lethally poisoned (-4 -> -25), not resistant to hostile enchantments,
unstealthy
A: no striking features
a: no special abilities


You were on level 3 of the Dungeon.
You were not hungry.

You visited 1 branch of the dungeon, and saw 3 of its levels.

You collected 174 gold pieces.

Inventory:

Hand Weapons
 h - a +0 short sword (weapon)
Armour
 a - a +0 robe (worn)
 b - a +0 hat (worn)
Jewellery
 j - an uncursed ring of flight {unknown}
Scrolls
 e - a scroll of identify {unknown}
 i - 2 scrolls of remove curse {unknown}
 k - a scroll of amnesia {unknown}
 m - a scroll of blinking {unknown}
 o - a scroll of fog {unknown}
 q - a scroll of magic mapping {unknown}
Potions
 l - 2 potions of heal wounds {unknown}
 n - a potion of cancellation {unknown}
Books
 c - a book of Minor Magic

   Spells                             Type                      Level
   a - Magic Dart                     Conjuration                  1
   b - Blink                          Translocation                2
   c - Call Imp                       Summoning                    2
   d - Repel Missiles                 Charms/Air                   2
   e - Slow                           Hexes                        2
   f - Conjure Flame                  Conjuration/Fire             3
   g - Mephitic Cloud                 Conjuration/Poison/Air       3
Comestibles
 d - a bread ration
 f - 5 chunks of flesh
 g - a fruit
 p - a meat ration


   Skills:
 - Level 2.1 Dodging
 - Level 2.1 Stealth
 - Level 3.6 Spellcasting
 + Level 5.1 Conjurations
   Level 0.8 Summonings
 - Level 1.1 Translocations


You had one spell level left.
You knew the following spells:

 Your Spells              Type           Power        Failure   Level  Hunger
a - Magic Dart            Conj           ####         1%          1    None
b - Blink                 Tloc           N/A          12%         2    ##.....
c - Conjure Flame         Conj/Fire      ##......     17%         3    ###....
d - Mephitic Cloud        Conj/Pois/Air  ##......     21%         3    ###....


Dungeon Overview and Level Annotations

Branches:
Dungeon (3/15)

Altars:
Zin

Annotations:
D:2 Sigmund


Message History

The magic dart hits the worker ant.
The worker ant is almost dead.
You feel sick. The worker ant bites you.
You are lethally poisoned!
The worker ant poisons you!
You feel sick.
Casting: Magic Dart
Confirm with . or Enter, or press ? or * to list all spells.
Aiming: Magic Dart
Press: ? - help, Shift-Dir - straight line, f/p - worker ant
Aim: a worker ant (almost dead)
The magic dart hits the worker ant.
The worker ant is almost dead.
You feel sick. The worker ant bites you.
* * * LOW HITPOINT WARNING * * *
You are more poisoned.
The worker ant poisons you!
* * * LOW HITPOINT WARNING * * *
You feel sick. The worker ant bites you.
You die...

#####....########
......#.........####
...................#
..###..########.##.#
..# #..# #.##^# [.#
#.## #.##.# ......#
#....# ..#.###
#..### ..#.# #.@#
..#.# #.a# ..#.#
#..# ..#.# #..#
..#.## # #..# .....
.# #..# ..#.##.##
#..# ..#.#...####
#..# ....).......
.:..


You could see a worker ant.

Vanquished Creatures
  6 adders
  An ooze (D:1)
  2 worms (D:2)
  3 giant geckos
  2 giant cockroaches
  3 goblins
  2 hobgoblins
  8 jackals
  9 kobolds
  A quokka (D:3)
  8 bats
  A giant newt (D:2)
  5 rats
51 creatures vanquished.

Notes
Turn   | Place    | Note
--------------------------------------------------------------
     0 | D:1      | hairmachine the High Elf Wizard began the quest for the Orb.
     0 | D:1      | Reached XP level 1. HP: 11/11 MP: 6/6
   472 | D:1      | Reached skill level 2 in Conjurations
   665 | D:1      | Reached XP level 2. HP: 17/17 MP: 4/7
   701 | D:1      | Learned a level 2 spell: Blink
  1271 | D:1      | Reached skill level 3 in Conjurations
  1378 | D:1      | Reached XP level 3. HP: 5/21 MP: 6/9
  1770 | D:2      | Noticed Sigmund
  1999 | D:2      | Learned a level 3 spell: Conjure Flame
  2003 | D:2      | Learned a level 3 spell: Mephitic Cloud
  2395 | D:2      | Found a glowing silver altar of Zin.
  2410 | D:2      | Reached skill level 4 in Conjurations
  2479 | D:2      | Reached XP level 4. HP: 27/27 MP: 7/10
  3097 | D:3      | Reached skill level 5 in Conjurations
  3243 | D:3      | Slain by a worker ant

Skill      XL: |  1  2  3  4 |
---------------+-------------+-----
Conjurations   | 2 3 4 5 |  5.1
Dodging        | |  2.1
Stealth        | |  2.1
Spellcasting   | |  3.6
Summonings     | |  0.8
Translocations | |  1.1

Action                   |  1- 3 |  4- 6 || total
-------------------------+-------+-------++-------
Melee: Short sword       |     8 |     3 ||    11
 Cast: Magic Dart        |    84 |    55 ||   139
       Conjure Flame     |       |     1 ||     1
  Use: Potion            |     1 |       ||     1
  Eat: Chunk             |     5 |     2 ||     7
Armor: Robe              |     7 |       ||     7
Dodge: Dodged            |    37 |    11 ||    48
